Map: Lerilak Crest

Players

México

  • Race: Zerg Zerg
  • League: Diamond

SpaceMarine - Winner!

  • Race: Protoss Protoss
  • League: Grandmaster

Event: NationWars III

VOD

Have the link to the VOD?

Description

Time

  • Played on: Dec. 11, 2015, 11:32 a.m.
  • Length: 8:21
Show
View Real Time Build Order
Export as new Build Order

México Zerg 

Build Orders: Hatch First 

Get SALT Encoding   

  12  0:01  Drone  
  13  0:08  Drone  
  14  0:18  Overlord  
  14  0:37  Drone x3  
  17  0:53  Hatchery  
  16  0:58  Drone  
  16  1:03  Drone  
  18  1:13  Extractor  
  17  1:19  Spawning Pool  
  17  1:22  Drone  
  17  1:25  Drone  
  18  1:32  Drone  
  19  1:43  Drone  
  20  2:00  Drone  
  21  2:06  Drone x2  
  21  2:07  Queen  
  21  2:08  Queen  
  27  2:14  Metabolic Boost  
  27  2:21  Overlord  
  27  2:23  Zergling x2  
  28  2:39  Drone x2  
  28  2:40  Hatchery  
  28  2:42  Drone  
  30  2:48  Drone x2  
  30  2:49  Drone  
  33  2:57  Overlord  
  33  3:00  Drone  
  34  3:08  Roach Warren, Drone  
  32  3:17  Zergling x6  
  33  3:20  Drone x3  
  33  3:25  Drone  
  33  3:26  Drone  
  38  3:28  Drone  
  38  3:32  Overlord  
  39  3:37  Drone  
  39  3:39  Extractor  
  39  3:41  Extractor  
  37  3:42  Drone  
  37  3:48  Overlord  
  38  3:53  Overlord  
  38  3:54  Drone x2  
  40  3:56  Overlord  
  40  3:58  Drone  
  40  4:04  Roach x2  
  40  4:07  Roach  
  40  4:09  Roach  
  48  4:13  Roach  
  48  4:15  Roach  
  52  4:18  Roach  
  52  4:21  Roach  
  56  4:34  Roach x2  
  56  4:37  Roach x2, Zergling x4  
  62  4:44  Drone x2  
  62  4:45  Drone  
  62  4:46  Drone  
  62  4:50  Drone  
  65  4:54  Drone x2  
  65  4:56  Drone  
  65  4:58  Roach  
  70  5:03  Overlord  
  70  5:06  Roach  
  72  5:10  Roach  
  74  5:15  Overlord  
  74  5:20  Overlord  
  74  5:22  Roach  
  74  5:24  Roach  
  74  5:26  Zergling x2  
  74  5:28  Zergling x2  
  80  5:30  Zergling x2  
  80  5:33  Zergling x4  
  84  5:35  Zergling x2  
  84  5:38  Zergling x2  
  84  5:41  Ravager x3  
  84  5:42  Ravager  
  89  5:43  Zergling x2  
  89  5:46  Roach  
  89  5:48  Zergling x2  
  93  5:51  Ravager  
  93  5:52  Zergling x2  
  93  5:56  Roach, Zergling x2  
  97  6:02  Zergling x2  
  98  6:09  Roach, Zergling x2  
  98  6:11  Zergling x2  
  98  6:16  Zergling x2  
  98  6:17  Roach  
  98  6:18  Zergling x2  
  96  6:20  Spore Crawler  
  96  6:23  Spore Crawler  
  86  6:27  Roach, Zergling x2  
  86  6:28  Zergling x6  
  72  6:40  Zergling x4  
  72  6:42  Spore Crawler  
  66  6:51  Zergling x2  
  46  6:55  Zergling x2  
  46  7:00  Zergling x2  
  39  7:14  Drone x2  
  39  7:15  Drone  
  35  7:21  Roach, Zergling x2  
  30  7:32  Drone  
  30  7:36  Drone  
  25  7:43  Drone  
  25  7:51  Drone  
  26  7:59  Drone  
  26  8:00  Ravager  
  28  8:06  Drone  
Show
View Real Time Build Order
Export as new Build Order

SpaceMarine Protoss - Winner!

Build Orders: 1 Gate Expand, Zealot Archon 

Get SALT Encoding   

  12  0:01  Probe (Chrono Boost)  
  13  0:11  Probe (Chrono Boost)  
  14  0:17  Pylon  
  14  0:22  Probe (Chrono Boost)  
  16  0:36  Probe (Chrono Boost)  
  16  0:38  Gateway  
  16  0:46  Probe (Chrono Boost), Assimilator  
  17  0:57  Probe (Chrono Boost)  
  18  1:07  Probe (Chrono Boost)  
  19  1:18  Probe (Chrono Boost)  
  20  1:24  Nexus  
  20  1:32  Probe (Chrono Boost)  
  21  1:37  Cybernetics Core  
  21  1:42  Probe (Chrono Boost)  
  21  1:46  Assimilator  
  23  1:54  Probe (Chrono Boost)  
  23  1:55  Pylon  
  23  2:08  Warp Gate  
  23  2:14  Mothership Core (Chrono Boost)  
  25  2:15  Adept  
  27  2:32  Probe (Chrono Boost)  
  29  2:37  Probe (Chrono Boost)  
  29  2:38  Robotics Facility  
  29  2:43  Probe (Chrono Boost)  
  30  2:47  Probe (Chrono Boost)  
  31  2:53  Probe (Chrono Boost)  
  31  2:58  Probe (Chrono Boost)  
  33  3:04  Probe (Chrono Boost)  
  34  3:05  Gateway  
  34  3:06  Gateway  
  34  3:09  Probe (Chrono Boost)  
  35  3:22  Probe x2 (Chrono Boost)  
  35  3:25  Pylon, Warp Prism (Chrono Boost)  
  39  3:27  Sentry  
  41  3:36  Probe  
  41  3:38  Probe  
  41  3:40  Pylon  
  41  3:48  Probe, Assimilator  
  41  3:50  Probe  
  43  3:57  Observer (Chrono Boost)  
  43  4:01  Probe  
  43  4:02  Probe  
  46  4:12  Adept x3  
  46  4:13  Probe  
  46  4:14  Twilight Council, Probe  
  46  4:15  Observer (Chrono Boost)  
  55  4:21  Assimilator  
  55  4:24  Pylon  
  55  4:25  Probe  
  55  4:26  Probe  
  57  4:34  Immortal (Chrono Boost)  
  61  4:42  Probe x2  
  61  4:47  Sentry x2  
  65  4:54  Probe, Dark Shrine  
  65  4:59  Pylon  
  66  5:08  Gateway  
  66  5:09  Gateway  
  66  5:10  Pylon  
  66  5:11  Pylon  
  66  5:12  Pylon  
  66  5:17  Immortal (Chrono Boost)  
  70  5:27  Probe  
  70  5:28  Probe  
  72  5:33  Blink (Chrono Boost)  
  72  5:36  Pylon  
  72  5:43  Pylon  
  76  6:02  Pylon  
  76  6:04  Pylon  
  76  6:09  Immortal (Chrono Boost)  
  76  6:10  Dark Templar x2  
  72  6:29  Dark Templar x3  
  68  6:34  Probe  
  69  6:44  Dark Templar  
  71  6:50  Probe  
  69  6:55  Probe  
  70  7:02  Probe  
  70  7:05  Zealot  
  70  7:06  Zealot x3  
  70  7:07  Probe  
  80  7:22  Probe x2  
  82  7:23  Immortal (Chrono Boost)  
  82  7:27  Nexus  
  82  7:28  Archon  
  84  7:36  Probe  
  77  7:42  Probe  
  78  7:48  Stalker x2, Probe  
  78  7:49  Stalker x3  
  85  8:00  Probe  
  85  8:03  Pylon  
  86  8:17  Pylon  
  86  8:18  Pylon  
Tags
 
Add a new tag
Caveats
  • Supply blocks, unpowered buildings, or Contaminate may cause inaccurate times.
  • Supply counts are checked every 10 seconds.